 Dungeon Crawl Stone Soup version 0.17.0-9-g801d43b (console) character file.

79 gw the Shooter (level 4, -3/30 HPs)
             Began as a High Elf Hunter on Nov 9, 2015.
             Was an Initiate of Trog.
             Slain by a gnoll
             ... wielding a +0 spear
              (6 damage)
             ... on level 3 of the Dungeon.
             The game lasted 00:02:01 (2089 turns).

gw the Shooter (High Elf Hunter)                    Turns: 2089, Time: 00:02:01

Health: -3/30      AC:  2    Str: 11    XL:     4   Next: 16%
Magic:  5/5        EV: 13    Int: 15    God:    Trog [......]
Gold:   84         SH:  0    Dex: 16    Spells: 0 memorised, 3 levels left

rFire  . . .     SeeInvis .     c - +0 short sword
rCold  . . .     Clarity  .     h - -2 robe (curse)
rNeg   . . .     SustAt   .     (no shield)
rPois  .         Gourm    .     n - +0 helmet (curse)
rElec  .         Spirit   .     g - +0 cloak (curse)
rCorr  .         Warding  .     (no gloves)
rMut   .         Stasis   .     (no boots)
MR     .....                    (no amulet)
Stlth  ++........               (no ring)
                                (no ring)

@: not resistant to hostile enchantments, unstealthy
A: no striking features
a: Burn Spellbooks, Renounce Religion


You were on level 3 of the Dungeon.
You worshipped Trog.
Trog was noncommittal.
You were hungry.

You visited 1 branch of the dungeon, and saw 3 of its levels.

You collected 84 gold pieces.

Inventory:

Hand Weapons
 a - a +1 shortbow
 c - a +0 short sword (weapon)
Missiles
 b - 64 arrows
Armour
 f - a +0 ring mail
 g - a cursed +0 cloak (worn)
 h - a cursed -2 robe (worn)
 j - a +0 robe
 k - a +0 leather armour
 l - a +0 animal skin
 m - a +0 robe
 n - a cursed +0 helmet (worn)
Books
 d - a book of Death {forbidden}

   Spells                             Type                      Level
   a - Corpse Rot                     Necromancy                   2
   b - Sublimation of Blood           Necromancy                   2
   c - Agony                          Necromancy                   5
   d - Dispel Undead                  Necromancy                   5
   e - Excruciating Wounds            Charms/Necromancy            5
   f - Bolt of Draining               Conjuration/Necromancy       5
   Trog disapproves of the use of such an item.
 i - a book of Spatial Translocations {forbidden}

   Spells                             Type                      Level
   a - Apportation                    Translocation                1
   b - Blink                          Translocation                2
   c - Shroud of Golubria             Charms/Translocation         2
   d - Portal Projectile              Translocation                3
   e - Teleport Other                 Translocation                3
   f - Passage of Golubria            Translocation                4
   Trog disapproves of the use of such an item.
Comestibles
 e - 2 bread rations


   Skills:
 + Level 2.8 Fighting
 * Level 6.6 Bows
 + Level 2.8 Dodging
 - Level 1.1 Stealth


You had 3 spell levels left.
You didn't know any spells.

Dungeon Overview and Level Annotations

Branches:
Dungeon (3/15)

Altars:
Fedhas
Nemelex Xobeh
Qazlal
Sif Muna
Trog
Vehumet
Xom
Zin


Message History

Unknown command.
Unknown command.
Unknown command.
Unknown command.
MOVING TO (0,-5)
The gnoll hits you from afar with a spear!
Unknown command.
Unknown command.
Unknown command.
ATTACK MOVE TO (0,1)
The orc hits you from afar with a trident!
The gnoll barely misses you.
You see here a scroll labeled MUEDO KOUJIPP.
Unknown command.
Unknown command.
Unknown command.
Unknown command.
MOVING TO (0,-5)
The gnoll hits you from afar with a spear.
You die...

#.. #..### #.# #.#
#.... #.# #.# #..#
#.# #.# #..# #.#
#.# #..#
#.###.####..######
#.##.....>........
#.##..####........
#e##..# #..######
#?##..####..#
##.##.# #
#.#.#.##[#
#?#.......


You could see a gnoll.

Table legend:
 A = Turns spent in this place as a percentage of turns spent in the entire game.
 B = Non-inter-level travel turns spent in this place as a percentage of non-inter-level travel turns spent in the entire game.
 C = Inter-level travel turns spent in this place as a percentage of turns spent in this place.
 D = Turns resting spent in this place as a percentage of non-inter-level travel turns spent in this place.
 E = Turns spent auto-exploring this place as a percentage of non-inter-level travel turns spent in this place.
 F = Non-inter-level travel turns spent in this place divided by the number of levels of this place that you've seen.
                   A       B       C       D       E      F
               +-------+-------+-------+-------+-------+----------------------
         Total | 100.0 | 100.0 |   0.5 |   0.8 |   2.4 | 1031.0
       Dungeon | 100.0 | 100.0 |   0.5 |   0.8 |   2.4 | 1031.0
               +-------+-------+-------+-------+-------+----------------------

Table legend:
 A = Kills in this place as a percentage of kills in entire the game.
 B = Kills by you in this place as a percentage of kills by you in the entire game.
 C = Kills by friends in this place as a percentage of kills by friends in the entire game.
 D = Other kills in this place as a percentage of other kills in the entire game.
 E = Experience gained in this place as a percentage of experience gained in the entire game.
 F = Experience gained in this place divided by the number of levels of this place that you have seen.
                   A       B       C       D       E      F
               +-------+-------+-------+-------+-------+----------------------
         Total | 100.0 | 100.0 |  -nan |  -nan | 100.0 |  37.7
       Dungeon | 100.0 | 100.0 |  -nan |  -nan | 100.0 |  37.7
               +-------+-------+-------+-------+-------+----------------------

Vanquished Creatures
  3 adders (D:2)
  A worm (D:2)
  3 giant geckos
  An orc (D:3)
  5 bats
  A giant cockroach (D:2)
  5 goblins
  8 hobgoblins
  6 jackals
  2 kobolds
  2 ball pythons (D:2)
  2 giant newts
  2 rats
41 creatures vanquished.

Notes
Turn   | Place    | Note
--------------------------------------------------------------
     0 | D:1      | gw the High Elf Hunter began the quest for the Orb.
     0 | D:1      | Reached XP level 1. HP: 14/14 MP: 2/2
   140 | D:1      | Reached XP level 2. HP: 19/19 MP: 3/3
  1077 | D:1      | Reached skill level 6 in Bows
  1137 | D:2      | Reached XP level 3. HP: 20/25 MP: 4/4
  1540 | D:2      | Found a bloodstained altar of Trog.
  1547 | D:2      | Became a worshipper of Trog the Wrathful
  1555 | D:2      | Found a shimmering altar of Xom.
  1624 | D:2      | Reached XP level 4. HP: 30/30 MP: 5/5
  1787 | D:2      | Found a radiant altar of Vehumet.
  1787 | D:2      | Found a glowing silver altar of Zin.
  1788 | D:2      | Found a deep blue altar of Sif Muna.
  1789 | D:2      | Found a sparkling altar of Nemelex Xobeh.
  1791 | D:2      | Found a blossoming altar of Fedhas.
  1792 | D:2      | Found a stormy altar of Qazlal.
  2089 | D:3      | Slain by a gnoll

Action                   |  1- 3 |  4- 6 || total
-------------------------+-------+-------++-------
Melee: Short sword       |    82 |    17 ||    99
 Fire: Shortbow          |    60 |     1 ||    61
  Eat: Chunk             |     2 |     1 ||     3

Vault maps used:
D:1:      roderic_crossed_star
D:2:      bloody_trog, minitemple
